 Dungeon Crawl Stone Soup version 0.16-a0-4097-gb4d75fa (webtiles) character file.

20869 Ololoev the Severer (level 13, -4/86 HPs)
             Began as a Formicid Fighter on Feb 25, 2015.
             Was a Believer of Ru.
             Slain by an orc knight
             ... wielding a +0 glaive
              (24 damage)
             ... on level 4 of the Orcish Mines.
             The game lasted 01:09:29 (19577 turns).

Ololoev the Severer (Formicid Fighter)             Turns: 19577, Time: 01:09:29

Health: -4/86      AC: 21    Str: 26    XL:     13   Next: 15%
Magic:  27/27      EV:  7    Int:  8    God:    Ru [**....]
Gold:   1022       SH: 12    Dex:  9    Spells: 0 memorised, 12 levels left

rFire  + . .     SeeInvis +     e - +2 war axe (venom)
rCold  . . .     Clarity  +     v - +9 plate armour {ponderous}
rNeg   . . .     SustAb   .     c - +0 shield
rPois  .         Gourm    .     (helmet unavailable)
rElec  .         Spirit   .     (no cloak)
rCorr  .         Warding  .     l - +0 pair of gloves
rMut   .         Stasis   +     (no boots)
MR     +....                    F - amulet of clarity
Stlth  ..........               o - ring of protection from fire
                                j - +3 ring of strength

@: slow, somewhat resistant to hostile enchantments, extremely unstealthy
A: permanent stasis, dig shafts and tunnels, four strong arms, antennae 3,
blurry vision 2, clumsy 1, deformed body, dopey 1, shaggy fur 2, slow healing 1,
no stealth, no air magic, no summoning magic, no transmutations magic,
MP-powered wands 3
a: Dig, Shaft Self, Renounce Religion


You were on level 4 of the Orcish Mines.
You worshipped Ru.
Ru was pleased with you.
You were not hungry.

You visited 3 branches of the dungeon, and saw 17 of its levels.
You also visited: Ossuary and Bailey.

You collected 1672 gold pieces.
You spent 650 gold pieces at shops.

Notes
Turn   | Place    | Note
--------------------------------------------------------------
     0 | D:1      | Ololoev, the Formicid Fighter, began the quest for the Orb.
     0 | D:1      | Reached XP level 1. HP: 18/18 MP: 1/1
   276 | D:1      | Reached XP level 2. HP: 21/24 MP: 3/3
   758 | D:1      | You fall through a shaft!
   800 | D:2      | Reached XP level 3. HP: 22/29 MP: 4/4
   885 | D:2      | Found a blossoming altar of Fedhas.
   967 | D:2      | Reached skill level 4 in Shields
  1357 | D:2      | Noticed Sigmund
  1364 | D:2      | Killed Sigmund
  1364 | D:2      | Reached XP level 4. HP: 20/35 MP: 5/5
  1364 | D:2      | Reached XP level 5. HP: 23/41 MP: 7/7
  2019 | D:3      | Reached skill level 5 in Shields
  2020 | D:3      | Reached skill level 5 in Axes
  2020 | D:3      | Reached XP level 6. HP: 13/47 MP: 8/8
  2999 | D:4      | Found a shadowy altar of Dithmenos.
  3009 | D:4      | Found Ujur's Magic Scroll Emporium.
  3020 | D:4      | Bought a scroll of identify for 20 gold pieces
  3020 | D:4      | Bought a scroll of remove curse for 30 gold pieces
  3020 | D:4      | Bought a scroll of random uselessness for 10 gold pieces
  3020 | D:4      | Bought a scroll of identify for 20 gold pieces
  3020 | D:4      | Bought a scroll of identify for 20 gold pieces
  3115 | D:4      | Reached skill level 6 in Axes
  3115 | D:4      | Reached XP level 7. HP: 43/52 MP: 9/9
  3588 | D:5      | Entered Level 5 of the Dungeon
  3609 | D:5      | Reached skill level 7 in Axes
  3680 | D:5      | Reached XP level 8. HP: 31/58 MP: 11/11
  3732 | D:5      | Reached skill level 8 in Axes
  3805 | D:5      | Found a sand-covered staircase.
  3935 | Ossuary  | Entered an ossuary
  4499 | D:5      | Reached skill level 9 in Axes
  4678 | D:5      | Found an ancient bone altar of Kikubaaqudgha.
  5018 | D:5      | Gained mutation: You are clumsy. (Dex -2) [mutagenic meat]
  5019 | D:5      | Gained mutation: Scrolls take you a little longer to read. [mutagenic meat]
  5020 | D:5      | Gained mutation: You expend magic power (3 MP) to slightly strengthen your wands. [mutagenic meat]
  5097 | D:4      | Bought a scroll of amnesia for 35 gold pieces
  5097 | D:4      | Bought a scroll of enchant weapon for 75 gold pieces
  5097 | D:4      | Bought a scroll of noise for 10 gold pieces
  5099 | D:4      | Bought a scroll of fear for 35 gold pieces
  5398 | D:6      | Reached skill level 10 in Axes
  5460 | D:6      | Reached XP level 9. HP: 40/64 MP: 12/12
  5595 | D:6      | Found a staircase to the Ecumenical Temple.
  5604 | Temple   | Entered the Ecumenical Temple
  6100 | D:6      | Reached skill level 11 in Axes
  6110 | D:6      | Found Qeckogga's Assorted Antiques.
  6433 | D:6      | Found a glowing silver altar of Zin.
  6653 | D:6      | Found a snail-covered altar of Cheibriados.
  6653 | D:6      | Found a sacrificial altar of Ru.
  6655 | D:6      | Found a deep blue altar of Sif Muna.
  6658 | D:6      | Became a worshipper of Ru the Awakened
  6663 | D:6      | Found a glowing golden altar of the Shining One.
  6667 | D:6      | Found a radiant altar of Vehumet.
  6672 | D:6      | Found a blossoming altar of Fedhas.
  6919 | D:7      | Reached skill level 12 in Axes
  7133 | D:7      | Reached XP level 10. HP: 42/70 MP: 13/13
  7619 | D:7      | Reached skill level 13 in Axes
  7894 | D:7      | Reached skill level 1 in Evocations
  8199 | D:8      | Noticed Edmund
  8207 | D:8      | Killed Edmund
  8214 | D:8      | Gained mutation: Scrolls take you longer to read. [potion of mutation]
  8214 | D:8      | Gained mutation: You are covered in fur (AC +1). [potion of mutation]
  8287 | D:8      | Noticed Grum
  8362 | D:8      | Killed Grum
  8497 | D:8      | Noticed Psyche
  8502 | D:8      | Killed Psyche
  9289 | D:8      | Noticed Pikel
  9300 | D:8      | Killed Pikel
  9300 | D:8      | Reached skill level 5 in Armour
  9300 | D:8      | Reached XP level 11. HP: 69/75 MP: 21/21
  9513 | D:8      | Reached skill level 5 in Evocations
  9658 | D:4      | Bought a scroll of recharging for 95 gold pieces
  9658 | D:4      | Bought a scroll of teleportation for 30 gold pieces
 11136 | D:10     | Entered Level 10 of the Dungeon
 11210 | D:10     | Found a shimmering altar of Xom.
 11294 | D:10     | Reached skill level 14 in Axes
 11324 | D:10     | Gained mutation: You heal slowly when monsters are visible. [Ru sacrifice]
 12429 | D:6      | Bought a smoking hand axe for 240 gold pieces
 12429 | D:6      | Bought a scroll labeled GREFABIROE for 30 gold pieces
 12429 | D:6      | Identified the +10 hand axe of the Lame Duck {holy, +Inv Dex+3} (You bought it in a shop on level 6 of the Dungeon)
 12566 | D:11     | Found a staircase to the Lair.
 12615 | D:11     | Noticed a five-headed hydra
 13300 | D:11     | Gained mutation: You cannot study or cast Air magic. [Ru sacrifice]
 13300 | D:11     | Gained mutation: You cannot study or cast Transmutations magic. [Ru sacrifice]
 13300 | D:11     | Gained mutation: You cannot study or cast Summoning magic. [Ru sacrifice]
 13300 | D:11     | Acquired Ru's first power
 13518 | D:11     | Killed a nine-headed hydra
 13612 | D:12     | Noticed a hill giant
 13618 | D:12     | Killed a hill giant
 13619 | D:12     | Noticed a hill giant
 13624 | D:12     | Killed a hill giant
 13624 | D:12     | Reached XP level 12. HP: 25/81 MP: 25/25
 13645 | D:12     | Gained mutation: You expend magic power (6 MP) to strengthen your wands. [mutagenic meat]
 13860 | D:12     | Noticed a catoblepas
 13900 | D:12     | Killed a catoblepas
 14142 | D:12     | Noticed an unseen horror
 14149 | D:12     | Killed an unseen horror
 14163 | D:12     | Gained mutation: You expend magic power (9 MP) to make your wands much stronger. [mutagenic meat]
 14164 | D:12     | Gained mutation: Armour fits poorly on your strangely shaped body. [mutagenic meat]
 14186 | D:12     | Noticed a seven-headed hydra
 14204 | D:12     | Noticed a white ugly thing
 14245 | D:12     | Killed a white ugly thing
 14275 | D:12     | Killed a 13-headed hydra
 14566 | D:12     | Found a staircase to the Orcish Mines.
 15240 | D:12     | Noticed a hill giant
 15256 | D:12     | Killed a hill giant
 15256 | D:12     | Reached skill level 15 in Axes
 16143 | Orc:1    | Entered Level 1 of the Orcish Mines
 16172 | Orc:1    | Gained mutation: You are dopey. (Int -2) [Ru sacrifice]
 16172 | Orc:1    | Acquired Ru's second power
 16389 | Orc:1    | Found a burning altar of Makhleb.
 16882 | Orc:1    | Found Ecegaitt's Jewellery Boutique.
 17012 | Orc:2    | Found a radiant altar of Vehumet.
 17188 | Orc:2    | Found a flagged portal.
 17205 | Bailey   | Entered a bailey
 17496 | Bailey   | Gained mutation: You cannot be stealthy. [Ru sacrifice]
 18094 | Orc:2    | Noticed an orc high priest
 18103 | Orc:2    | Killed an orc high priest
 18103 | Orc:2    | Reached skill level 10 in Shields
 18103 | Orc:2    | Reached XP level 13. HP: 41/86 MP: 27/27
 18380 | Orc:2    | Found a bloodstained altar of Trog.
 18510 | Orc:2    | Found Hyf Tujely's Weapon Shop.
 18638 | Orc:3    | Found a staircase to the Elven Halls.
 19160 | Orc:3    | Gained mutation: You are covered in thick fur (AC +2). [potion of beneficial mutation]
 19491 | Orc:4    | Entered Level 4 of the Orcish Mines
 19496 | Orc:4    | Found a roughly hewn altar of Beogh.
 19552 | Orc:4    | Found a roughly hewn altar of Beogh.
 19577 | Orc:4    | Slain by an orc knight

Inventory:

Hand weapons
 e - a +2 war axe of venom (weapon)
 f - a cursed +0 battleaxe
 q - the +10 hand axe of the Lame Duck {holy, +Inv Dex+3}
   (You bought it in a shop on level 6 of the Dungeon)

   It has been blessed by the Shining One to cause great damage to the undead
   and demons.
   It affects your dexterity (+3).
   It lets you turn invisible.
Armour
 c - a +0 shield (worn)
 l - a +0 pair of gloves (worn)
 v - a +9 plate armour of ponderousness (worn)
Jewellery
 j - a +3 ring of strength (left hand)
 o - a ring of protection from fire (right hand)
 F - an amulet of clarity (around neck)
Magical devices
 b - a wand of lightning (8)
 g - a wand of slowing (21)
 m - a wand of digging (22)
 y - a wand of lightning (3)
 B - a wand of lightning (4)
Scrolls
 h - 2 scrolls of enchant armour
 n - 2 scrolls of remove curse
 p - 4 scrolls of magic mapping
 s - 7 scrolls of recharging
 u - 2 scrolls of enchant weapon
 w - 2 scrolls of immolation
 x - 4 scrolls of fear
 G - 2 scrolls of summoning {unknown}
Potions
 a - 4 potions of flight
 i - a potion of beneficial mutation
 t - 14 potions of curing
 A - a potion of restore abilities
Comestibles
 d - 11 bread rations
 k - 5 beef jerkies
 r - 20 fruits
 C - 6 chunks of flesh

Table legend:
 A = Turns spent in this place as a percentage of turns spent in the entire game.
 B = Non-inter-level travel turns spent in this place as a percentage of non-inter-level travel turns spent in the entire game.
 C = Inter-level travel turns spent in this place as a percentage of turns spent in this place.
 D = Turns resting spent in this place as a percentage of non-inter-level travel turns spent in this place.
 E = Turns spent auto-exploring this place as a percentage of non-inter-level travel turns spent in this place.
 F = Non-inter-level travel turns spent in this place divided by the number of levels of this place that you've seen.
                   A       B       C       D       E      F
               +-------+-------+-------+-------+-------+----------------------
         Total | 100.0 | 100.0 |   0.5 |   3.1 |   9.1 | 341.3
       Dungeon |  73.7 |  73.6 |   0.6 |   3.6 |   9.5 | 397.8
        Temple |   0.4 |   0.3 |   4.3 |   0.0 |  22.7 |  22.0
  Orcish Mines |  19.5 |  19.5 |   0.2 |   0.9 |   9.6 | 316.8
       Ossuary |   3.0 |   3.0 |   0.0 |   4.1 |   1.5 | 197.0
        Bailey |   3.4 |   3.5 |   0.0 |   3.6 |   4.5 | 224.0
               +-------+-------+-------+-------+-------+----------------------


   Skills:
 - Level 3.2 Fighting
 * Level 15.5 Axes
 + Level 8.6 Armour
 + Level 10.2 Shields
 - Level 9.3 Evocations


You had 12 spell levels left.
You didn't know any spells.

Dungeon Overview and Level Annotations

Branches:
Dungeon (12/15)            Temple (1/1) D:6            Lair (0/8) D:11
    Orc (4/4) D:12            Elf (0/3) Orc:3

Altars:
Ashenzari
Cheibriados
Dithmenos
Elyvilon
Fedhas
Gozag
Kikubaaqudgha
Makhleb
Nemelex Xobeh
Okawaru
Qazlal
Ru
Sif Muna
Trog
Vehumet
Xom
Yredelemnul
Zin
The Shining One
Beogh

Shops:
D:4 ?   D:6 *   Orc:1 =   Orc:2 (


Innate Abilities, Weirdness & Mutations

You are under a permanent stasis effect.
You can dig through walls and to a lower floor.
Your four strong arms can wield two-handed weapons with a shield.
You have a pair of large antennae on your head (SInv).
You are dopey. (Int -2)
You heal slowly when monsters are visible.
You cannot be stealthy.
You cannot study or cast Air magic.
You cannot study or cast Summoning magic.
You cannot study or cast Transmutations magic.
Scrolls take you longer to read.
You are clumsy. (Dex -2)
Armour fits poorly on your strangely shaped body.
You are covered in thick fur (AC +2).
You expend magic power (9 MP) to make your wands much stronger.


Message History

The orc warrior hits you but does no damage.
The orc knight hits you but does no damage.
You hit the orc warrior but do no damage.
The orc warrior is poisoned.
You slash the orc warrior!
The orc warrior looks even sicker.
The orc warrior is heavily wounded.
You block the orc warrior's attack.
The orc knight hits you but does no damage.
You slice the orc warrior!!
You kill the orc warrior!
You slash the orc warrior!
The orc warrior is poisoned.
The orc warrior is moderately wounded.
You block the orc knight's attack.
You closely miss the orc warrior.
The orc warrior is moderately wounded.
You block the orc warrior's attack.
Your plate armour prevents you from hitting the orc warrior.
The orc warrior is moderately wounded.
You block the orc knight's attack.
You hit the orc warrior but do no damage.
The orc warrior looks even sicker.
The orc warrior is moderately wounded.
The orc warrior hits you with a halberd!
You hit the orc warrior but do no damage.
The orc warrior is heavily wounded.
The orc knight hits you from afar with a glaive!
The orc warrior hits you with a halberd!
You hit the orc warrior.
The orc warrior is severely wounded.
You slash the orc warrior!
You kill the orc warrior!
You block the orc knight's attack.
Drink which item? (? for menu, Esc to quit)
You feel much better.
The orc knight hits you from afar with a glaive!!
There is an open door, spattered with blood here.
Items here: ( ))) [[[ ††† Drink which item? (? for menu, Esc to quit)
You feel better. The orc knight hits you with a glaive!!
You die...

. ###### #.##.._..##
..#.......# ###
#.#.....)o# #.# #.#
###@# ... ###.#
#...# #.# ##...#
#.8.# #.###....#
#)).#
...#.....######'##.#
...##.##...........#
...#..########...###
.......# #...##
#......## ##..#


You could see an orc knight.

Table legend:
 A = Kills in this place as a percentage of kills in entire the game.
 B = Kills by you in this place as a percentage of kills by you in the entire game.
 C = Kills by friends in this place as a percentage of kills by friends in the entire game.
 D = Other kills in this place as a percentage of other kills in the entire game.
 E = Experience gained in this place as a percentage of experience gained in the entire game.
 F = Experience gained in this place divided by the number of levels of this place that you have seen.
                   A       B       C       D       E      F
               +-------+-------+-------+-------+-------+----------------------
         Total | 100.0 | 100.0 | 100.0 | 100.0 | 100.0 | 1569.2
       Dungeon |  62.1 |  62.0 | 100.0 | 100.0 |  81.4 | 2023.6
  Orcish Mines |  30.3 |  30.4 |   0.0 |   0.0 |  16.6 | 1240.5
       Ossuary |   2.5 |   2.5 |   0.0 |   0.0 |   0.8 | 243.0
        Bailey |   5.0 |   5.1 |   0.0 |   0.0 |   1.1 | 326.0
               +-------+-------+-------+-------+-------+----------------------

Vanquished Creatures
  A hydra (D:12)
  An orc high priest (Orc:2)
  A catoblepas (D:12)
  An unseen horror (shapeshifter) (D:12)
  3 hill giants (D:12)
  Pikel (D:8)
  An ugly thing (D:12)
  Psyche (D:8)
  A centaur skeleton (D:12)
  3 slime creatures (D:12)
  A two-headed ogre (D:12)
  A spriggan (D:8)
  A basilisk (D:12)
  3 wyverns
  A deep elf mage (D:10)
  A hippogriff (D:7)
  12 yaks
  Grum (D:8)
  3 hungry ghosts
  A mottled dragon (D:11)
  3 wolves (D:8)
  2 wargs
  Edmund (D:8)
  8 ice beasts
  A wasp (D:9)
  19 orc warriors
  A water moccasin (D:8)
  An eye of draining (D:7)
  2 phantoms
  3 sky beasts
  A black bear (D:9)
  10 ogres
  3 slaves (D:8)
  10 centaurs
  2 crocodiles
  Sigmund (D:2)
  A big kobold (D:9)
  2 gnoll sergeants
  8 giant frogs
  A water moccasin skeleton (D:8)
  A wyvern skeleton (D:10)
  A scorpion (D:8)
  4 wights
  4 centaur zombies
  A goliath beetle (D:8)
  5 crimson imps
  A gnoll shaman (D:10)
  7 hounds
  4 jellies
  24 orc priests
  2 human zombies (Ossuary)
  24 orc wizards
  4 iguanas
  8 worker ants
  5 giant frog skeletons
  A killer bee zombie (D:8)
  A big kobold zombie (Ossuary)
  3 hound zombies
  5 mummies
  2 worker ant zombies
  2 river rats (D:11)
  2 shadow imps (D:5)
  14 adders
  2 giant mites
  38 gnolls
  4 worms
  2 adder zombies (Ossuary)
  An adder skeleton (D:4)
  2 giant geckos
  An ooze (D:1)
  196 orcs
  22 bats
  A bat zombie (D:5)
  8 giant cockroaches
  32 hobgoblins
  8 jackals
  9 quokkas
  A giant gecko skeleton (D:4)
  6 giant newts
  2 giant spores
  A gnoll zombie (Ossuary)
  18 goblins
  A goblin zombie (D:5)
  A hobgoblin zombie (Ossuary)
  2 jackal zombies (Ossuary)
  26 kobolds
  A kobold zombie (Ossuary)
  3 quokka skeletons
  12 rats
  A rat zombie (D:5)
  7 ballistomycetes
  5 fungi (D:11)
657 creatures vanquished.

Vanquished Creatures (collateral kills)
  A hydra (D:11)
1 creature vanquished.

Vanquished Creatures (others)
  A cyclops (D:12)
  A gargoyle (D:12)
  An orc warrior (D:10)
  A hound (D:10)
  An adder (D:10)
  A gnoll (Bailey)
  A giant gecko (D:10)
  An orc (Orc:3)
  2 hobgoblins
  2 giant spores
  2 rats (D:10)
  A fungus (D:11)
  A plant (D:11)
16 creatures vanquished.

Grand Total: 674 creatures vanquished

Action                   |  1- 3 |  4- 6 |  7- 9 | 10-12 | 13-15 || total
-------------------------+-------+-------+-------+-------+-------++-------
Melee: War axe           |    96 |    72 |   365 |  1104 |   210 ||  1847
       Hand axe          |       |    77 |       |       |       ||    77
Throw: Tomahawk          |       |       |    11 |       |       ||    11
Invok: Sacrifice Purity  |       |       |       |     2 |       ||     2
       Sacrifice Arcana  |       |       |       |     1 |       ||     1
       Sacrifice Stealth |       |       |       |     1 |       ||     1
       Reject Sacrifices |       |       |       |       |     1 ||     1
 Abil: Dig               |       |     1 |     7 |    12 |     1 ||    21
Evoke: Wand              |       |       |     2 |    18 |       ||    20
       Phantom mirror    |       |       |       |     1 |       ||     1
  Use: Potion            |     2 |     3 |     1 |    10 |     3 ||    19
       Scroll            |       |     2 |     6 |    10 |       ||    18
 Stab: Distracted        |       |       |       |     1 |       ||     1
       Invisible         |       |       |       |     3 |     3 ||     6
  Eat: Chunk             |       |     7 |    17 |    36 |     6 ||    66
       Meat ration       |       |       |       |     3 |       ||     3

Vault maps used:
D:1:      dpeg_arrival_three_bigger_balls, serial_co_window_serial,
          co_window_paths_a, co_window_paths_a, co_window_paths_a,
          co_window_paths_a, co_window_of_opportunity_a,
          co_window_of_opportunity_a, co_window_paths_a, co_window_corner_b,
          co_window_corner_ca, co_window_broadway_c, co_window_corner_b,
          co_window_corner_b, co_window_unsneaky_path_c, glass_columns_a,
          glass_columns_b, glass_columns_a, glass_columns_c
D:2:      fedhas_altar_3, uniq_sigmund
D:3:      guppyfry_early_lair_pool
D:4:      serial_shops, shop_fountains, first_bread, grunt_dithmenos_smoke
D:5:      lemuel_doored_altar, enter_ossuary_4,
          eino_small_chamber_without_monster
D:6:      minmay_overflow_temple_hex, temple_green, basic_altar,
          serial_aquarium, aquarium_bridge_square, aquarium_bridge_square,
          aquarium_window_fake, aquarium_window_double, aquarium_window_1,
          aquarium_view_2d, serial_shops, nicolae_shop_overgrown_old_shop
D:8:      the_bakery, st_stairs_14, uniq_grum, uniq_edmund, uniq_psyche,
          uniq_pikel
D:10:     xom_confusion_cloud
D:11:     due_lair_maze_entry_diamond, minmay_misc_feat_cross,
          hangedman_abyss_or_decor_slice
D:12:     minmay_triangles_in_corner, orc_0_dummy, grunt_ministairs_5,
          lemuel_nasty_fountain
Temple:   triangle_lava_temple_12
Orc:1:    serial_shops, shop, basic_altar, nicolae_orc_bridge_out
Orc:2:    serial_shops, nicolae_shop_trees, lightli_bailey_entry_fortress,
          basic_altar, trog_book
Orc:3:    nicolae_orc_pool_cavern
Orc:4:    grunt_orc_community_town_hall, grunt_orc_community_big_house_2,
          grunt_orc_community_big_house_2, grunt_orc_community_house_2,
          grunt_orc_community_house_2, grunt_orc_community_house_2,
          grunt_orc_community_house_2, grunt_orc_community_house_2,
          grunt_orc_community_house_2, uniq_urug, uniq_josephine
Ossuary:  ossuary_minmay_tomb_2a
Bailey:   bailey_axe_2, bailey
